 Dungeon Crawl Stone Soup version 0.30-a0-778-g2ef04afb54 (webtiles) character file.

Game seed: 14406587871300823370

39 Leeroy the Slasher (level 3, -1/18 HPs)
             Began as a Vine Stalker Warper on Feb 16, 2023.
             Succumbed to an adder's poison
             ... on level 2 of the Dungeon.
             The game lasted 00:02:26 (917 turns).

Leeroy the Slasher (Vine Stalker Warper)             Turns: 917, Time: 00:02:26

Health: -1/18      AC:  6    Str: 11 (13) XL:     3   Next: 45%
Magic:  3/7        EV: 11    Int: 10 (13) God:
Gold:   100        SH:  0    Dex: 14 (15) Spells: 6/6 levels left

rFire   . . .      SeeInvis .    a - +0 falchion
rCold   . . .      Faith    .    (no shield)
rNeg    . . .      Spirit   +    g - +2 leather armour {Will+}
rPois   .          Reflect  .    (no helmet)
rElec   .          Harm     .    (no cloak)
rCorr   .          Rampage  .    (no gloves)
Will    +....                    k - +0 pair of boots
Stlth   +                        (no amulet)
HPRegen 0.23/turn                (no ring)
MPRegen 0.10/turn                (no ring)

@: mighty, lethally poisoned (-1 -> -8), attractive
A: fangs 2, magic shield, antimagic bite, no potion heal 2
a: no special abilities


You were on level 2 of the Dungeon.
You visited 1 branch of the dungeon, and saw 2 of its levels.

You collected 100 gold pieces.

Inventory:

Hand Weapons
 a - a +0 falchion (weapon)
 f - a +1 sling of electrocution
 h - a +2 whip of venom
Missiles
 d - 7 boomerangs of dispersal (quivered)
Armour
 b - a +0 leather armour
 g - a +2 leather armour of willpower (worn)
 k - a +0 pair of boots (worn)
Scrolls
 c - a scroll of blinking
 e - 2 scrolls of amnesia {unknown}
 i - a scroll of poison {unknown}
Potions
 j - a potion of degeneration


   Skills:
 - Level 1.7 Fighting
 + Level 3.2 Long Blades
 - Level 0.7 Ranged Weapons
 - Level 0.8 Throwing
 - Level 0.7 Armour
 - Level 1.5 Dodging
 - Level 2.1 Spellcasting
 - Level 3.0 Translocations


You had 6 spell levels left.
You didn't know any spells.
Your spell library contained the following spells:

 Spells                   Type           Power      Damage    Failure   Level
 Blink                    Tloc           14%        N/A       19%         2
 Lesser Beckoning         Tloc           14%        N/A       19%         2
 Teleport Other           Tloc           7%         N/A       34%         3
 Vhi's Electric Charge    Tloc/Air       8%         N/A       54%         3
 Manifold Assault         Tloc           7%         N/A       75%         4


Dungeon Overview and Level Annotations

Branches:
Dungeon (2/15)

Altars:

Annotations:
D:2 Terence


Innate Abilities, Weirdness & Mutations

You have extremely sharp teeth.
When hurt, damage is shared between your health and your magic reserves.
Your bite disrupts and absorbs the magic of your enemies.
Potions cannot restore your health.


Message History

You closely miss the bat. You bite the bat.
You kill the bat!
The endoplasm hits you. The adder barely misses you.
You miss the adder. You bite the adder, but do no damage.
The adder is lightly wounded.
The endoplasm hits you. The adder barely misses you.
You barely miss the adder. Your bite misses the adder.
The adder is lightly wounded.
The adder bites you.
You are poisoned.
The adder poisons you! The endoplasm barely misses you. The adder bites you.
You are lethally poisoned!
The adder poisons you! The endoplasm freezes you.
You are frozen.
You are too injured to fight recklessly!
You are too injured to fight recklessly!
You are too injured to fight recklessly!
You closely miss the adder. Your bite misses the adder.
The adder is lightly wounded.
You feel very sick. The adder barely misses you.
The endoplasm closely misses you. The adder bites you.
It was a potion of degeneration.
There was something very wrong with that liquid.
You feel weakened.
You feel dopey.
You feel clumsy.
* * * LOW HITPOINT WARNING * * *
You feel sick. The adder bites you.
* * * LOW HITPOINT WARNING * * *
You are more poisoned.
The adder poisons you!
The endoplasm hits you but does no damage.
It was a potion of might.
You feel very mighty all of a sudden.
* * * LOW HITPOINT WARNING * * *
You feel sick. The adder bites you but does no damage.
The endoplasm closely misses you.
It was a potion of attraction.
You feel attractive to monsters.
You die...

##......? # #........
.. #........
###.##### #........
........#####........
#!....†@SB@.........
########Jr##...[....
##w.......... #.#
#........... ###.#
####..#######. ..#.#
####.....# ..#.#
#....^#### ..#.#
####....## ..#.#
####.....###


You could see Terence, a worm, an adder, an endoplasm, a quokka and a giant
cockroach.

Vanquished Creatures
  3 bats (D:2)
  2 endoplasms (D:2)
  7 giant cockroaches (D:1)
  4 goblins
  3 hobgoblins (D:1)
  A quokka (D:1)
  9 ball pythons
  2 frilled lizards (D:1)
  2 rats (D:1)
33 creatures vanquished.

Notes
Turn   | Place    | Note
-------+----------+-------------------------------------------
     0 | D:1      | Leeroy the Vine Stalker Warper began the quest for the Orb.
     0 | D:1      | Reached XP level 1. HP: 11/11 MP: 4/4
   193 | D:1      | Reached XP level 2. HP: 12/15 MP: 4/6
   537 | D:1      | Reached XP level 3. HP: 18/18 MP: 7/7
   897 | D:2      | Noticed Terence
   917 | D:2      | Succumbed to an adder's poison

Illustrated notes

Levels and vault maps discovered:
D:1:      sevenhm_arrival_forest_fort_large_4, layout_rooms
D:2:      layout_rooms, uniq_terence

Skill      XL: |  1  2  3 |
---------------+----------+-----
Long Blades    | 2 3 |  3.2
Fighting       | |  1.7
Ranged Weapons | |  0.7
Throwing       | |  0.8
Armour         | |  0.7
Dodging        | |  1.5
Spellcasting   | |  2.1
Translocations | |  3.0

Action                     || total
---------------------------++-------
  Melee: Falchion          ||   101
         Bite              ||    24
         Punch             ||     3
   Fire: Sling             ||     2
    Use: Potion            ||     3
 Armour: Leather armour    ||    49
  Dodge: Dodged            ||    98

Table legend: (Time is in decaauts)
 A = Elapsed time spent in this place.
 B = Non-inter-level travel time spent in this place.
 C = Inter-level travel time spent in this place.
 D = Time resting spent in this place.
 E = Time spent auto-exploring this place.
 F = Levels seen in this place.
 G = Mean time per level.
                   A        B        C        D        E       F      G
               +--------+--------+--------+--------+--------+-----+--------+
         Total |    933 |    865 |     68 |      0 |    608 |   2 |  466.5 |
       Dungeon |    933 |    865 |     68 |      0 |    608 |   2 |  466.5 |
               +--------+--------+--------+--------+--------+-----+--------+

Top non-repeatable levels by time:
     D:1: 734 daAuts
     D:2: 198 daAuts
